[Event "1st Sales Oliveira Masters 2022"]
[Site "Sales Oliveira"]
[Date "2022.06.12"]
[Round "8.5"]
[White "Rodi, Luis Ernesto"]
[Black "Diamant, Andre"]
[Result "0-1"]
[ECO "B40"]
[WhiteElo "2351"]
[BlackElo "2539"]
[Annotator "TA"]
[PlyCount "66"]
[EventDate "2022.05.30"]
[EventType "swiss"]
[EventCountry "BRA"]
[SourceTitle "playchess.com"]
[Source "ChessBase"]
[SourceQuality "1"]
[TimeControl "40/5400+30:1800+30"]

1. e4 c5 2. Nc3 e6 3. Nf3 a6 4. g3 Nc6 5. Bg2 Nge7 6. O-O {[%emt 0:02:08] B40: Sicilian: 2...e6, Unusual lines.} d6 7. d4 cxd4 8. Nxd4 {[%emt 0:00:06] White is slightly better.} Nxd4 9. Qxd4 Nc6 10. Qd3 Be7 11. b3 O-O {[%emt 0:00:51] [#]} 12. f4 $146 ({Predecessor:} 12. Bb2 Qc7 13. a3 Re8 14. Nd1 b5 15. Ne3 Bb7 16. Rac1 Ne5 17. Qe2 Rac8 18. Rfd1 {½-½ (18) Schmitz,J (2319)-Muhren,B (2312) Germany 2010}) 12... Qc7 13. Bb2 b5 14. a4 b4 15. Ne2 Bb7 16. g4 e5 17. f5 Bg5 (17... a5 $17) 18. f6 (18. Bc1 $11 {remains equal.} Qd8 19. Bxg5 Qxg5 20. f6) 18... Bxf6 $17 {[%emt 0:04:04] White is on the road to losing.} 19. Rxf6 gxf6 20. Qf3 (20. Qd2 $17) 20... f5 $19 21. Ng3 (21. gxf5 {keeps fighting.} Kh8 22. Rd1) 21... f4 22. Nf5 f6 23. Bf1 Ne7 24. Bc4+ Kh8 25. Nh6 (25. Nxe7 $142 Qxe7 26. c3) 25... d5 26. exd5 {[%emt 0:03:00] [#]} Bxd5 $1 27. Bxd5 Qc5+ 28. Kg2 Nxd5 29. g5 Qxc2+ 30. Kh3 e4 31. Qd1 Qxb2 32. Qxd5 Qxa1 33. gxf6 Qxf6 {[%emt 0:00:18] Weighted Error Value: White=1.23/Black=0.14 (very precise)} 0-1

[Event "1st Sales Oliveira Masters 2022"]
[Site "Sales Oliveira"]
[Date "2022.06.12"]
[Round "9.1"]
[White "Diamant, Andre"]
[Black "Fier, Alexandr"]
[Result "1/2-1/2"]
[ECO "B31"]
[WhiteElo "2539"]
[BlackElo "2567"]
[Annotator "TA"]
[PlyCount "109"]
[EventDate "2022.05.30"]
[EventType "swiss"]
[EventCountry "BRA"]
[SourceTitle "playchess.com"]
[Source "ChessBase"]
[SourceQuality "1"]
[TimeControl "40/5400+30:1800+30"]

1. e4 c5 2. Nf3 Nc6 3. Bb5 g6 4. Bxc6 bxc6 5. O-O Bg7 6. Re1 Nf6 7. Nc3 O-O 8. h3 d6 9. e5 {[%emt 0:08:31] B31: Sicilian: 2...Nc6 3 Bb5 g6.} Nd7 10. exd6 exd6 11. d3 Rb8 12. Bg5 f6 13. Bf4 Ne5 {[%emt 0:00:04] [#]} 14. b3 $146 ({Predecessor:} 14. Rb1 Rb7 15. Ne4 Nf7 16. d4 g5 17. Bc1 cxd4 18. Nxd4 c5 19. Ne2 Re7 20. N4g3 {0-1 (43) Dubrawski,J-Woelfl,S ICCF corr 1992}) 14... g5 15. Bd2 g4 (15... Ng6 $5 ) 16. Nxe5 fxe5 17. hxg4 d5 {[%emt 0:00:45] aiming for ...Qh4.} (17... Rb7 $5 ) 18. g5 Rb4 (18... Rb7 $11 {should be considered.}) 19. Qh5 $1 $14 Rg4 20. Rf1 (20. Rac1 $16) 20... e4 $11 21. dxe4 d4 (21... dxe4 $11 {remains equal.} 22. Rad1 Bxc3 23. Bxc3 Qxg5 24. Qxg5+ Rxg5) 22. Na4 $16 d3 23. Rac1 (23. c3 $1 $16 {is forced if you want to stay better.}) 23... dxc2 $1 $19 24. Be3 (24. Rxc2 $2 Qd3 25. Rc4 (25. g6 $2 hxg6 26. Qh2 Qxc2 $19) 25... Qxd2 $19) 24... Rxe4 $2 (24... Bd4 $1 $19 {[%cal Rd4e3] Strongly threatening ...Bxe3.} 25. Nxc5 Bxc5) 25. g6 $2 ({Better is} 25. Qe2 $1 $11) 25... hxg6 $1 $17 26. Qxc5 (26. Qxg6 $17 {was the only defense.} Bf5 27. Qxc6) 26... Be5 $2 {[%emt 0:03:40] A strong pair of Bishops.} ({Black should try} 26... Qh4 $19 27. Qxc6 Kh7 28. Qxc2 (28. g3 $2 Qg4 $19) 28... Bh3 29. Qxe4 (29. gxh3 Rg4+ 30. hxg4 Qxg4+ 31. Kh1 Rf3) (29. Bxa7 Bxg2 30. f4 Qh1+ 31. Kf2 Rfxf4+ 32. Kg3 Qh3#) 29... Qxe4 30. gxh3 Rf3) 27. Qxc2 {[%emt 0:03:10] The position is equal.} Qh4 28. f4 $1 $36 {[%emt 0:00:58][%mdl 2048] White has good play.} Rfxf4 ({Don't do} 28... Bxf4 29. Bxf4 Rexf4 30. Rxf4 Qxf4 31. Qc4+ (31. Qxg6+ Kh8 $11) 31... Qxc4 32. Rxc4 $14) 29. Rxf4 {[%emt 0:00:12] Chess con chili.} Bxf4 30. Bxf4 Qxf4 31. Rf1 (31. Qxc6 {leads to mate.} Qe3+ 32. Kf1 {[#]} Ba6+ $1 ) 31... Qe3+ 32. Qf2 Bf5 33. Nc5 Qxf2+ 34. Kxf2 $11 {[%emt 0:00:47][%mdl 4096] Endgame KRB-KRN} Rf4+ 35. Kg1 Rd4 36. Rf2 Kf7 37. Re2 Rd1+ 38. Kf2 Rc1 39. Ne4 Rd1 40. Rd2 Rxd2+ 41. Nxd2 {[%emt 0:30:01] KB-KN} Ke6 42. Ke3 Kd5 43. g3 Bc2 44. Nc4 Bb1 45. Nd2 Bf5 46. Nc4 Kc5 47. Ne5 Bb1 48. a3 Kd5 49. Nd3 c5 50. Nf4+ Ke5 51. b4 Kd6 52. bxc5+ Kxc5 53. Kd2 Kc4 54. Kc1 Be4 55. Nxg6 {[%emt 0:00:11] Weighted Error Value: White=0.22 (precise) /Black=0.21 (precise)} 1/2-1/2

[Event "1st Sales Oliveira Masters 2022"]
[Site "Sales Oliveira"]
[Date "2022.06.12"]
[Round "9.2"]
[White "Supi, Luis Paulo"]
[Black "Rodi, Luis Ernesto"]
[Result "1-0"]
[ECO "C02"]
[WhiteElo "2590"]
[BlackElo "2351"]
[Annotator "TA"]
[PlyCount "45"]
[EventDate "2022.05.30"]
[EventType "swiss"]
[EventCountry "BRA"]
[SourceTitle "playchess.com"]
[Source "ChessBase"]
[SourceQuality "1"]
[TimeControl "40/5400+30:1800+30"]

1. e4 e6 2. d4 d5 3. e5 c5 4. c3 Qb6 5. Nf3 Nc6 6. Bd3 cxd4 7. O-O $1 {[%emt 0:00:04][%mdl 4] outshines the older 7.cxd4. C02: French: Advance Variation.} Bd7 8. Re1 Nge7 9. h4 {[%emt 0:00:27] The position is equal.} a6 10. a3 h6 (10... Rc8 $17) 11. h5 Rc8 12. b4 dxc3 13. Nxc3 {[%emt 0:01:17] [#]} Nd4 $146 ({Better is} 13... Nxb4 $1 $15 14. Na4 (14. Be3 Qd8) 14... Bxa4 15. Qxa4+ Nbc6) ({Predecessor:} 13... Nxb4 14. Na4 Bxa4 15. Qxa4+ Nbc6 16. Rb1 Qc7 17. Bd2 Qd7 18. Qg4 Rc7 19. Nh4 g5 20. hxg6 fxg6 21. Nxg6 Nxg6 22. Bxg6+ {1-0 (44) Nemeth,M (2451)-Mica,M (2334) Corte 2022}) 14. Bb2 {[%emt 0:05:20] Nxd4 is the strong threat.} Nxf3+ 15. Qxf3 Bc6 16. Qg4 Rg8 17. Rac1 g6 $2 {[%emt 0:04:51] This move loses the game for Black.} (17... Bd7 $11 {and Black has nothing to worry.}) 18. hxg6 $18 Nxg6 {[%emt 0:00:09] [#]} (18... Kd7 19. Red1 Rg7) 19. Nxd5 $1 Bxd5 (19... h5 20. Nf6+) 20. Rxc8+ Kd7 21. Bd4 Ne7 22. Bxb6 {[%emt 0:00:16] Rd8+ would kill now.} Rxg4 23. Rd8+ {[%emt 0:00:05] Weighted Error Value: White=0.13 (very precise) /Black=0.73} 1-0

[Event "1st Sales Oliveira Masters 2022"]
[Site "Sales Oliveira"]
[Date "2022.06.12"]
[Round "9.3"]
[White "Coro, Lucas"]
[Black "Lima, Darcy"]
[Result "1/2-1/2"]
[ECO "C65"]
[WhiteElo "2398"]
[BlackElo "2488"]
[Annotator "TA"]
[PlyCount "68"]
[EventDate "2022.05.30"]
[EventType "swiss"]
[EventCountry "BRA"]
[SourceTitle "playchess.com"]
[Source "ChessBase"]
[SourceQuality "1"]
[TimeControl "40/5400+30:1800+30"]

1. e4 e5 2. Nf3 Nc6 3. Bb5 Nf6 4. d3 Bc5 5. Ba4 O-O 6. O-O {[%emt 0:00:23] C65: Ruy Lopez: Berlin Defence (3...Nf6), unusual lines and 4 0-0 Bc5.} d6 7. c3 Bd7 8. Re1 {[%emt 0:03:10] The position is equal.} a6 9. h3 Ba7 10. Nbd2 Ne7 11. Bb3 Ng6 12. Nf1 {[%emt 0:00:00] [#]} Nh5 $146 ({Predecessor:} 12... Re8 13. Ng5 Re7 14. Ng3 h6 15. Nf3 c6 16. Nh2 Re8 17. Qf3 Nh4 18. Qe2 Ng6 {0-1 (56) Predke,A (2533)-Shimanov,A (2606) Kazan 2015}) 13. Be3 Nhf4 14. Bxa7 Rxa7 15. Ne3 Ra8 16. d4 Bc6 17. Nf5 Qf6 18. Bc2 Rad8 19. Qd2 (19. h4 $1 $14) 19... Ne7 $11 20. Nxe7+ Qxe7 21. Re3 Rfe8 (21... f5 $5 ) 22. Kh2 Bd7 23. Rd1 Bc8 24. b4 b6 25. a4 Qf6 26. Qe1 Qg6 {[%emt 0:00:00][%csl Gf4][%cal Rg6g2] [#]} 27. Qf1 Qh5 28. Ng1 exd4 29. cxd4 c5 30. bxc5 bxc5 31. d5 f5 32. e5 dxe5 33. Qc4 Qg6 {[%emt 0:00:00][%csl Gf4][%cal Rg6g2] [#]} 34. g3 Nh5 {[%emt 0:00:00] Weighted Error Value: White=0.08 (flawless) /Black=0.08 (flawless)} 1/2-1/2

[Event "1st Sales Oliveira Masters 2022"]
[Site "Sales Oliveira"]
[Date "2022.06.12"]
[Round "9.4"]
[White "Labussiere, Victor"]
[Black "Born, Carlos Rodrigo"]
[Result "0-1"]
[ECO "A16"]
[WhiteElo "2349"]
[BlackElo "2292"]
[Annotator "TA"]
[PlyCount "124"]
[EventDate "2022.05.30"]
[EventType "swiss"]
[EventCountry "BRA"]
[SourceTitle "playchess.com"]
[Source "ChessBase"]
[SourceQuality "1"]
[TimeControl "40/5400+30:1800+30"]

1. c4 Nf6 2. Nc3 g6 3. e4 d6 4. g3 Bg7 5. Bg2 O-O 6. Nge2 c6 7. O-O a6 8. a4 {[%emt 0:05:14] A16: English Opening: 1...Nf6 with ...d5.} a5 9. d3 Na6 10. h3 {[%emt 0:01:59] The position is equal.} Nb4 11. f4 e5 12. g4 {[%emt 0:10:16] [#]} Qb6+ $146 (12... Nd7 $15) ({Predecessor:} 12... Bxg4 13. hxg4 Nxg4 14. Bh3 Qh4 15. Kg2 f5 16. Ng3 exf4 17. Bxf4 Be5 18. exf5 Ne3+ 19. Kh2 Nxd1 20. Bxe5 dxe5 21. Raxd1 g5 {0-1 (21) Bellon Lopez,J (2490)-Brito Garcia,A (2360) Las Palmas 1995}) 13. Kh1 Bxg4 14. hxg4 $15 Nxg4 15. Qd2 Nf2+ 16. Kh2 Nbxd3 17. Nd1 Ng4+ 18. Kg3 Nxc1 {[%emt 0:00:42] 0x0.001e63dd72f9dp-1022s more active pieces.} 19. Rxc1 h5 20. f5 Bh6 {[%emt 0:01:02][%mdl 1024] Black has strong compensation.} 21. Qc3 Qd8 {[%emt 0:01:16] Chess con chili.} (21... Bxc1 $142 22. Qxc1 Kg7) 22. Rc2 $17 Qg5 {[%emt 0:00:41] ( -> ...Ne3+)} 23. Kh3 Bg7 (23... Nf6 24. Qg3 $11) (23... Kh7 $17) 24. Qd2 Qe7 25. Qd3 Bh6 $40 {[%emt 0:01:42][%mdl 128] Black has some attack.} 26. Rc3 (26. Rh1 $11 {keeps the balance.}) 26... Nf6 27. Nf2 g5 28. Kh2 g4 29. Rh1 Kg7 30. Kg1 Rh8 31. Qd1 Bg5 32. Ng3 Rag8 33. Rd3 Kf8 ({Black should try} 33... h4 $17 34. Ne2 h3 35. Bxh3 gxh3 36. Rdxh3 Rxh3 37. Rxh3 Kf8) 34. Ne2 ({Don't play} 34. Rxd6 h4 35. Ne2 h3 36. Rd8+ Ne8 $19) (34. c5 $1 $15) 34... h4 $19 35. Rxd6 (35. Ra3 {was necessary.}) 35... Be3 36. Kf1 h3 37. Ng3 hxg2+ 38. Kxg2 Rxh1 (38... Bxf2 $142 39. Rd8+ Kg7 40. Rxg8+ Kxg8 41. Rxh8+ Kxh8 42. Kxf2 Qc5+ 43. Kg2 Qe3 44. Qh1+ Kg7) 39. Nfxh1 {[%emt 0:00:33] [#]} (39. Rd8+ {only move.} Ne8 40. Ngxh1) 39... Bd4 $2 (39... Nd5 $1 $19 {[%mdl 512] and Black stays clearly on top.} 40. Rh6 Bxh6 41. cxd5 Be3 42. dxc6 bxc6) 40. Rxd4 (40. c5 $17 {was the only defense.}) 40... exd4 41. Qxd4 c5 42. Qe3 Qe5 43. Nf2 Ke7 ({Less strong is} 43... Qxb2 44. e5 Nd7 45. e6 $16) 44. Nd3 Qd4 45. Qxd4 cxd4 {[%emt 0:00:01][%mdl 4096] Endgame KRN-KNN} 46. e5 Nd7 47. Ne4 Rh8 {[%emt 0:00:16] Strongly threatening ...b6.} 48. f6+ $2 (48. Nef2 {was worth a try.}) 48... Kf8 49. Nef2 Rg8 50. Kg3 b6 51. Ne4 Rh8 $2 (51... Rg6 $19 {White must now prevent ...Kg8.} 52. Nef2 Rg5) 52. Kxg4 ({Only move:} 52. Nef2 $1 $15) 52... Rh1 (52... Rh2 $19 {And now ...Kg8 would win.} 53. b3 Kg8) 53. c5 $2 (53. Nef2 $17 {was the crucial defense.} Ra1 54. Kf5) 53... bxc5 {[%emt 0:00:33] Threatens to win with ...c4.} 54. Nexc5 (54. b3 $142) 54... Nxc5 55. Nxc5 {[%emt 0:00:01] KR-KN} Rc1 56. Nb3 {[%emt 0:01:48] [#]} (56. Nd3 Rd1 57. Nc5) 56... d3 $1 {[%emt 0:00:25] Black is clearly winning.} 57. Kf3 (57. e6 fxe6) 57... Re1 58. Nd2 Rxe5 59. Nc4 Re6 60. Nd2 Kg8 61. Nc4 Kh7 62. Nd2 Kg6 {[%emt 0:00:02] Weighted Error Value: White=0.72/Black=0.39} (62... Kh6 $142 63. Nc4 Kg5) 0-1

[Event "1st Sales Oliveira Masters 2022"]
[Site "Sales Oliveira"]
[Date "2022.06.12"]
[Round "9.5"]
[White "Delgado Ramirez, Neuris"]
[Black "Gemy, Jose Daniel"]
[Result "1/2-1/2"]
[ECO "C67"]
[WhiteElo "2603"]
[BlackElo "2367"]
[Annotator "TA"]
[PlyCount "102"]
[EventDate "2022.05.30"]
[EventType "swiss"]
[EventCountry "BRA"]
[SourceTitle "playchess.com"]
[Source "ChessBase"]
[SourceQuality "1"]
[TimeControl "40/5400+30:1800+30"]

1. e4 {[%emt 0:00:05] Vitiugov,Nikita} e5 2. Nf3 Nc6 3. Bb5 Nf6 4. O-O Nxe4 5. d4 Nd6 6. dxe5 Nxb5 7. a4 Nbd4 8. Nxd4 Nxd4 {[%emt 0:00:03] 8...d5 is the hot move.} 9. Qxd4 d5 $1 {[%emt 0:00:03] C67: Ruy Lopez: Berlin Defence: 4 0-0 Nxe4.} 10. Qd3 c6 11. a5 Be6 12. Nc3 {[%emt 0:01:39] [#]} Bb4 $146 ({Predecessor:} 12... Qd7 13. Ne2 Bf5 14. Qc3 Be7 15. Bh6 d4 16. Nxd4 gxh6 17. e6 Bxe6 18. Nxe6 Rg8 {1-0 (30) Vitiugov,N (2726)-Harikrishna,P (2730) Prague 2019 CBM 189 [Vitiugov,Nikita]}) 13. Qg3 Qc7 14. a6 b6 (14... O-O {keeps more tension.} 15. Bh6 f6 16. Bf4 Qd7) 15. Ne2 Be7 16. Nd4 g5 17. b4 $36 {[%emt 0:03:39][%mdl 2048] White fights for an advantage.} (17. Bxg5 $6 Rg8 18. f4 (18. Nxe6 fxe6 19. f4 h6 $15) 18... h6 19. Nxe6 fxe6 $11) 17... Bxb4 18. Ba3 (18. Qxg5 Be7 19. Qh5 (19. Nxe6 fxe6 20. Qh5+ Kd7 $14) 19... O-O-O $14) 18... Bxa3 19. Rxa3 Qd7 (19... c5 $16 20. Nxe6 fxe6) 20. Qxg5 h6 21. Qf6 Rf8 22. f4 (22. Qxh6 c5 $16) 22... c5 23. Ne2 (23. f5 $142 cxd4 24. Raf3 (24. fxe6 Qxe6 25. Qf2 Rc8 $16)) 23... Qe7 $16 24. Qxh6 O-O-O 25. f5 Bd7 26. e6 Bb5 27. Re3 (27. Rf2 $16) 27... d4 $1 $11 28. Re4 Bc6 (28... fxe6 $1 $11 29. Rxe6 Qd7) 29. Rg4 $14 {[%emt 0:03:31] And now Nf4 would win.} fxe6 30. f6 Qd6 31. Ng3 Qd5 (31... d3 $11 {remains equal.} 32. cxd3 Qxd3) 32. Rf2 $1 $16 {[%emt 0:03:40] Active counter play!} c4 33. Rg5 Qd6 34. f7 d3 35. cxd3 c3 ({Black should try} 35... cxd3 $14 36. Nf1 Kc7) 36. Qf6 e5 (36... Qxd3 $16 37. Qxe6+ Kc7) 37. Qf5+ (37. Qxe5 Qxe5 38. Rxe5 Rxd3 $15) (37. Rxe5 $6 Qxf6 38. Rxf6 Kc7 $16) (37. Qxd6 $1 $18 Rxd6 38. Nf5 (38. Rxe5 Rxd3 39. Re1 b5 $15)) 37... Kc7 38. Rg4 (38. Qxe5 Qxe5 39. Rxe5 Rxd3 40. Re7+ Kd8 $15) (38. h4 $16) 38... b5 (38... Rd7 $11) 39. Qg5 (39. h3 $1 $14 {stays ahead.} Qe7 40. Ne4) 39... Kb6 $1 $17 40. d4 {[%emt 0:06:30][%mdl 8192] Against Qc5} (40. h3 $11 Qc5 41. Ne4 Bxe4 42. Rxe4 Rxd3 43. Ree2) 40... exd4 $19 {[%emt 0:02:22] White must now prevent ...d3.} 41. Ne2 (41. Ne4 $142 Qb4 42. Qc1) 41... Qc5 $1 (41... Rh8 42. h4 Qc5 43. Qxc5+ Kxc5 44. Rf5+ (44. Rff4 $2 c2 $19) 44... Rd5 45. Rf6 $11 (45. f8=R $2 Rxf8 46. Rxf8 c2 $19)) 42. Rf5 Qb4 (42... Qc4 43. Qe7 c2) 43. Rf6 $2 (43. Qh6 {nothing else works.} c2 44. Rg6) 43... Qc5 {[%emt 0:01:27] ...Rd5 is the strong threat.} 44. Rf5 Qb4 (44... Qc4 $19 45. Qe7 c2) 45. h4 $2 (45. Rf6 $11 c2 46. Rxc6+ Kxc6 47. Qg6+ Rd6 48. Qxc2+ Kb6 49. Qd1 (49. Rf4 $2 Qe1+ 50. Rf1 d3 $19)) 45... c2 $1 {[%emt 0:00:51] Hoping for ...Qe1+.} (45... Kxa6 46. Rc5 Rd6 47. Qe5 $16) 46. Nc1 Qe1+ $2 (46... Kxa6 47. Rc5 Rc8 48. Nd3 Qb1+ 49. Kh2 Rxf7 50. Qg6 $18) (46... Rd7 $19 47. Rgf4 Qe1+ 48. Kh2 Qxc1 49. Rxb5+ Kxa6) 47. Kh2 $1 $11 {[%emt 0:00:03] aiming for Rf6.} Qe3 {[%emt 0:00:19] Threatens to win with ...Qxg5.} (47... Kxa6 48. Re5 Qa5 49. Qe7 $18) (47... d3 $5 48. Rf6 d2 $11) 48. Rgf4 $2 Rd6 $2 (48... Qxc1 49. Rxb5+ $1 Kxa6 50. Ra5+ Kb7 51. Qe7+ Kc8 52. Rf6 Qh1+ 53. Kxh1 $16) (48... Ka5 $1 $19 49. Na2 Bd5 $1 ) 49. Qg7 $1 {[%emt 0:00:27] Dancing on a razor blade.} Rdd8 (49... Rxf7 $11 50. Rxf7 Qxc1) 50. Qg5 $1 $19 {[%emt 0:01:07][%cal Of5f6] [#]} Rd6 $2 ({Weaker is} 50... Qxc1 {[#]} 51. Rxb5+ $1 Kxa6 52. Ra5+ Kb7 53. Qe7+ Kc8 54. Rf6 Qh1+ 55. Kxh1 $16) ({Better is} 50... Ka5 $1 $19 51. Rf2 Qxg5 52. hxg5 Be4) 51. Qg7 $1 $11 Rdd8 {[%emt 0:02:46] Never resign too early!  Weighted Error Value: White=0.49/Black=0.56} 1/2-1/2